 Dungeon Crawl Stone Soup version 0.20-a0-1018-ge435b50 (webtiles) character file.

4737 roguesci the Skirmisher (level 10, 0/96 HPs)
             Began as a White Draconian Transmuter on Apr 17, 2017.
             Was a High Priest of Cheibriados.
             Succumbed to a green draconian's poison gas
             ... on level 1 of the Abyss.
             The game lasted 00:45:30 (9912 turns).

roguesci the Skirmisher (DrTm)                      Turns: 9912, Time: 00:45:31

Health: 0/96       AC:  5    Str: 23    XL:     10   Next: 22%
Magic:  12/14      EV: 28    Int: 22    God:    Cheibriados [*****.]
Gold:   454        SH:  0    Dex: 26    Spells: 11/20 levels left

rFire    . . .     SeeInvis .     - Unarmed
rCold    + . .     Gourm    .   (shield currently unavailable)
rNeg     . . .     Faith    .   (armour unavailable)
rPois    x         Spirit   .   (helmet currently unavailable)
rElec    .         Reflect  .   (cloak currently unavailable)
rCorr    .         Harm     .   (gloves currently unavailable)
MR       +....     Rnd*Rage +   (boots currently unavailable)
Stlth    +++.......             k - amulet of regeneration
Regen    0.0/turn               n - ring of protection from cold
MPRegen  0.2/turn               y - +3 ring of protection

@: lethally poisoned (0 -> -172), spider-form, very slow
A: (breathe frost), unfitting armour, [berserk 2], clever 1, clumsy 1, [dopey
2], [low mp 2], magic resistance 1, robust 1, [screaming 3], [inhibited
regeneration], [weak 2], [no potion heal 2], MP-powered wands, AC +7
a: End Transformation, Bend Time, Temporal Distortion, Slouch, Step From Time,
Renounce Religion


You were on level 1 of the Abyss.
You worshipped Cheibriados.
Cheibriados was extremely pleased with you.
You were not hungry.
You were a venomous arachnid creature.
You visited 2 branches of the dungeon, and saw 9 of its levels.
You visited the Abyss 1 time.
You also visited: Ossuary.

You collected 454 gold pieces.

Inventory:

Hand Weapons
 C - a +0 shortbow
Missiles
 a - 185 arrows
 q - 7 tomahawks of returning (quivered)
 r - 258 stones
 x - 10 tomahawks of dispersal
Armour
 z - a scarf of cold resistance (melded)
 D - a +0 buckler (melded)
 J - a +0 pair of boots (melded)
 L - a +0 pair of gloves (melded)
Jewellery
 f - an uncursed ring of positive energy
 k - an amulet of regeneration (around neck)
 n - a ring of protection from cold (left front leg)
 y - a +3 ring of protection (right front leg)
 A - an uncursed ring of magical power
Wands
 i - a wand of lightning (9/15)
 p - a wand of paralysis (5/24)
 s - a wand of random effects (24/48)
 F - a wand of lightning (2/15)
 N - a wand of confusion (6/48)
 O - a wand of flame (32/48)
Scrolls
 e - 2 scrolls of amnesia {unknown}
 g - 8 scrolls of teleportation {unknown}
 l - 2 scrolls of immolation {unknown}
 o - 6 scrolls of remove curse {unknown}
 t - 9 scrolls of identify
 v - 2 scrolls of enchant armour {unknown}
 B - 2 scrolls of magic mapping {unknown}
 E - 2 scrolls of random uselessness {unknown}
 G - a scroll of vulnerability {unknown}
 H - 2 scrolls of recharging {unknown}
 M - a scroll of fear {unknown}
Potions
 d - a potion of lignification
 h - 2 potions of haste
 w - 2 potions of agility
 I - a potion of cancellation
Books
 b - a book of Changes

   Spells                             Type                      Level
   a - Beastly Appendage              Transmutation                1
   b - Sticks to Snakes               Transmutation                2
   c - Spider Form                    Transmutation/Poison         3
   d - Ice Form                       Ice/Transmutation            4
   e - Blade Hands                    Transmutation                5
 j - a book of Air

   Spells                             Type                      Level
   a - Shock                          Conjuration/Air              1
   b - Swiftness                      Charms/Air                   2
   c - Static Discharge               Conjuration/Air              3
   d - Airstrike                      Air                          4
   e - Lightning Bolt                 Conjuration/Air              5
 m - a Fen Folio

   Spells                             Type                      Level
   a - Corpse Rot                     Necromancy                   2
   b - Stone Arrow                    Conjuration/Earth            3
   c - Leda's Liquefaction            Hexes/Earth                  4
   d - Summon Forest                  Summoning/Translocation      5
   e - Hydra Form                     Transmutation                6
   f - Summon Hydra                   Summoning                    7
Comestibles
 c - 4 bread rations
 u - 5 meat rations


   Skills:
 * Level 7.9 Fighting
 * Level 7.0 Dodging
 + Level 4.6 Stealth
 * Level 4.4 Shields
 - Level 3.2 Unarmed Combat
 * Level 5.5 Spellcasting
 + Level 6.7 Transmutations


You had 11 spell levels left.
You knew the following spells:

 Your Spells              Type           Power        Failure   Level  Hunger
a - Beastly Appendage     Tmut           #####.       4%          1    None
b - Spider Form           Tmut/Pois      ###.......   24%         3    ##.....
c - Blade Hands           Tmut           #####.....   36%         5    #####..


Dungeon Overview and Level Annotations

Branches:
Dungeon (8/15)             Temple (1/1) D:4
   Lair: D:8-11

Altars:
Ashenzari
Cheibriados
Dithmenos
Elyvilon
Fedhas
Gozag
Hepliaklqana
Kikubaaqudgha
Makhleb
Nemelex Xobeh
Qazlal
Ru
Sif Muna
Trog
Uskayaw
Vehumet
Wu Jian
Xom
Yredelemnul
Zin
The Shining One


Innate Abilities, Weirdness & Mutations

((You can breathe waves of freezing cold.))
((You can buffet flying creatures when you breathe cold.))
((Your icy white scales are hard. (AC +7)))
You cannot fit into any form of body armour.
((Your flesh is cold resistant. (rC+)))
((You are cold-blooded and may be slowed by cold attacks.))
Your mind is acute. (Int +2)
You are clumsy. (Dex -2)
You are resistant to hostile enchantments. (MR+)
You are robust. (+10% HP)
You expend magic power (3 MP) to strengthen your wands.
[You often lose your temper in combat.]
[You are very dopey. (Int -4)]
[Your magical capacity is very low. (-20% MP)]
[You frequently scream uncontrollably at your foes.]
[You do not regenerate when monsters are visible.]
[You are very weak. (Str -4)]
[Potions are poor at restoring your health.]


Message History

The green draconian poisons you!
Your system partially rejects the healing.
You feel much better.
You feel extremely sick.
The green draconian breathes poison at you.
The blast of poison misses you.
You feel extremely sick.
The green draconian hits you with a hand axe of chopping.
The green draconian completely misses you.
Really crawl into that cloud of poison gas?
Okay, then.
Really crawl into that cloud of poison gas?
You are engulfed in poison gas.
You are more poisoned.
* * * LOW HITPOINT WARNING * * *
x2 You feel extremely sick.
The green draconian completely misses you.
The green draconian barely misses you.
The green draconian completely misses you. x2
You die...

.....#..#
....####
...#...#
#.....#
#.....#
#.....#
###.§...#
#?#.d§§##
##s..§.§#
####...##
. .######
#.## # #
#.


You could see a green draconian.

Vanquished Creatures
  The ghost of roguesci the Sneak, a novice NaTm of Cheibriados (D:6)
  A wretched star (Abyss:1)
  The ghost of Vidiiot the Chopper, a novice HOAM of Uskayaw (D:8)
  An ugly thing (D:8)
  2 hippogriffs
  Sigmund (D:6)
  2 phantoms
  2 centaurs (D:5)
  2 bullfrogs (D:8)
  2 big kobolds
  A gnoll sergeant (D:7)
  4 killer bees (D:8)
  A scorpion (D:6)
  5 wights (D:8)
  7 crimson imps
  2 centaur zombies (Ossuary)
  An orc priest (D:4)
  4 hounds
  2 jellies (D:8)
  A human zombie (Ossuary)
  4 orc wizards
  A bullfrog skeleton (D:8)
  A centaur skeleton (D:5)
  3 iguanas
  4 worker ants
  A big kobold zombie (Ossuary)
  3 mummies
  Robin (D:3)
  A worker ant zombie (D:8)
  A howler monkey skeleton (D:5)
  5 gnolls (D:7)
  7 adders
  2 shadow imps (D:6)
  2 oozes
  2 adder zombies
  3 worms
  3 dart slugs
  5 leopard geckos
  8 orcs
  2 ball pythons
  5 bats
  6 giant cockroaches
  14 goblins
  8 hobgoblins
  6 jackals
  32 kobolds
  A quokka (D:2)
  5 frilled lizards
  A goblin zombie (Ossuary)
  9 hobgoblin zombies (Ossuary)
  3 jackal zombies (Ossuary)
  11 kobold zombies (Ossuary)
  7 orc zombies (Ossuary)
  7 rats
  A rat zombie (Ossuary)
218 creatures vanquished.

Vanquished Creatures (others)
  2 quokkas (D:3)
  A giant cockroach zombie (D:6)
3 creatures vanquished.

Grand Total: 221 creatures vanquished

Notes
Turn   | Place    | Note
-------+----------+-------------------------------------------
     0 | D:1      | roguesci the Draconian Transmuter began the quest for the Orb.
     0 | D:1      | Reached XP level 1. HP: 16/16 MP: 3/3
    70 | D:1      | Reached XP level 2. HP: 14/23 MP: 5/5
   740 | D:1      | Reached XP level 3. HP: 24/28 MP: 6/6
   944 | D:1      | Learned a level 3 spell: Spider Form
  1190 | D:2      | Found a sparkling altar of Nemelex Xobeh.
  2063 | D:3      | Reached XP level 4. HP: 20/36 MP: 6/8
  2538 | D:3      | Found a shimmering altar of Xom.
  2794 | D:3      | Noticed Robin
  2804 | D:3      | Reached skill level 1 in Stealth
  2810 | D:3      | Killed Robin
  2991 | D:4      | Reached XP level 5. HP: 42/42 MP: 6/9
  3112 | D:4      | Found a staircase to the Ecumenical Temple.
  3165 | D:4      | Gained mutation: You are covered in fur. (AC +1) [potion of mutation]
  3165 | D:4      | Gained mutation: Your system is resistant to poisons. (rPois) [potion of mutation]
  3165 | D:4      | Gained mutation: You are somewhat resistant to further mutation. [potion of mutation]
  3179 | Temple   | Entered the Ecumenical Temple
  3501 | Temple   | Became a worshipper of Cheibriados the Contemplative
  3688 | D:4      | Reached XP level 6. HP: 39/51 MP: 10/10
  3810 | D:4      | Found an opulent altar of Gozag.
  4547 | D:5      | Entered Level 5 of the Dungeon
  4596 | D:5      | Reached * piety under Cheibriados
  4596 | D:5      | Your scales start taking on an icy white colour.
  4596 | D:5      | Reached XP level 7. HP: 57/59 MP: 6/12
  4596 | D:5      | Gained mutation: Your flesh is cold resistant. (rC+) [White Draconian growth]
  4709 | D:5      | Lost mutation: You are somewhat resistant to further mutation. [potion of mutation]
  4709 | D:5      | Lost mutation: You are covered in fur. (AC +1) [potion of mutation]
  4709 | D:5      | Lost mutation: Your system is resistant to poisons. (rPois) [potion of mutation]
  4709 | D:5      | Gained mutation: You expend magic power (3 MP) to strengthen your wands. [potion of mutation]
  4709 | D:5      | Gained mutation: You are clumsy. (Dex -2) [potion of mutation]
  4709 | D:5      | Gained mutation: Your mind is acute. (Int +2) [potion of mutation]
  4815 | D:5      | Found a shadowy altar of Dithmenos.
  4819 | D:5      | Found a deep blue altar of Sif Muna.
  5628 | D:6      | Reached ** piety under Cheibriados
  5808 | D:6      | Noticed roguesci's ghost (novice NaTm)
  6045 | D:6      | Paralysed by a crimson imp for 2 turns
  6112 | D:6      | Paralysed by a crimson imp for 7 turns
  6167 | D:6      | Paralysed by a crimson imp for 4 turns
  6724 | D:6      | Killed roguesci's ghost
  6724 | D:6      | Reached skill level 5 in Fighting
  6724 | D:6      | Reached skill level 5 in Dodging
  6724 | D:6      | Reached skill level 5 in Transmutations
  6724 | D:6      | Reached XP level 8. HP: 52/70 MP: 11/14
  6811 | D:6      | Reached skill level 1 in Shields
  7388 | D:6      | Noticed Sigmund
  7401 | D:6      | Killed Sigmund
  7941 | D:7      | Reached XP level 9. HP: 70/75 MP: 12/15
  8167 | D:7      | Reached *** piety under Cheibriados
  8342 | D:7      | Learned a level 5 spell: Blade Hands
  8888 | D:8      | Found a sand-covered staircase.
  8894 | Ossuary  | Entered an ossuary
  9028 | Ossuary  | Reached **** piety under Cheibriados
  9220 | D:8      | Noticed Vidiiot's ghost (novice HOAM)
  9231 | D:8      | Killed Vidiiot's ghost
  9231 | D:8      | Reached skill level 5 in Spellcasting
  9356 | D:8      | Reached ***** piety under Cheibriados
  9667 | D:8      | Noticed a brown ugly thing
  9675 | D:8      | Killed a brown ugly thing
  9675 | D:8      | Reached XP level 10. HP: 80/88 MP: 12/17
  9680 | D:8      | Gained mutation: You are resistant to hostile enchantments. (MR+) [mutagenic meat]
  9681 | D:8      | Gained mutation: You are robust. (+10% HP) [mutagenic meat]
  9806 | D:8      | Cast into level 1 of the Abyss (orc warrior)
  9824 | Abyss:1  | Noticed a wretched star
  9842 | Abyss:1  | Killed a wretched star
  9900 | Abyss:1  | Noticed a green draconian
  9912 | Abyss:1  | Succumbed to a green draconian's poison gas

Vault maps used:
D:1:      minmay_arrival_doors, minmay_misc_feat_encased,
          grunt_decor_mini_mirrors
D:2:      first_bread, nemelex_xobeh_ov_fountains_minmay
D:3:      xom_butterflies, lemuel_old_faithful, uniq_robin
D:4:      minmay_temple_entry_purple_smoke, grunt_gozag_breadcrumbs
D:5:      grunt_temple_overflow_open
D:6:      kennysheep_kobold_camp, uniq_sigmund
D:7:      minmay_unpleasant_kobolds
D:8:      gup_ossuary_entry_pyramid
Temple:   hc_temple_tempest_star
Ossuary:  ossuary_tomb_1

Skill      XL: |  1  2  3  4  5  6  7  8  9 10 |
---------------+-------------------------------+-----
Dodging        | 2 3 5 6 7 |  7.0
Fighting       | 2 3 4 5 6 7 |  7.9
Stealth        | 1 2 3 4 |  4.6
Spellcasting   | 3 4 5 |  5.5
Transmutations | 3 5 6 |  6.7
Shields        | 2 4 |  4.4
Unarmed Combat | |  3.2

Action                   |  1- 3 |  4- 6 |  7- 9 | 10-12 || total
-------------------------+-------+-------+-------+-------++-------
Melee: Unarmed           |   163 |   211 |   634 |    16 ||  1024
       Tailslap          |    19 |    19 |    33 |     2 ||    73
       Headbutt          |     7 |     5 |       |       ||    12
       Kick              |     6 |    12 |       |       ||    18
       Punch             |     1 |     2 |     1 |       ||     4
Throw: Tomahawk          |       |     1 |       |       ||     1
 Cast: Beastly Appendage |    12 |     8 |       |       ||    20
       Spider Form       |       |     9 |    36 |     1 ||    46
       Blade Hands       |       |       |    10 |     3 ||    13
 Abil: Breathe Frost     |       |       |     2 |       ||     2
Evoke: Wand              |       |       |     1 |       ||     1
  Use: Potion            |       |    11 |     5 |     3 ||    19
       Scroll            |       |       |     2 |       ||     2
 Stab: Invisible         |       |     2 |       |       ||     2
       Sleeping          |       |     1 |     3 |       ||     4
  Eat: Chunk             |     3 |     7 |     6 |     3 ||    19
       Royal jelly       |       |     2 |     2 |       ||     4
       Meat ration       |       |       |     1 |     1 ||     2
       Fruit             |       |       |     1 |       ||     1
Armor: Skin              |    47 |    49 |   134 |     3 ||   233
Dodge: Dodged            |   103 |   141 |   644 |    17 ||   905
Block: Buckler           |       |       |    19 |     1 ||    20
